 Dungeon Crawl Stone Soup version 0.20.1-1-g8b1a95d (webtiles) character file.

373 Liatris the Chopper (level 6, 0/56 HPs)
             Began as a Demonspawn Gladiator on Aug 13, 2017.
             Slain by a kobold
             ... wielding a +0 club
              (5 damage)
             ... on level 3 of the Dungeon.
             The game lasted 00:12:34 (2198 turns).

Liatris the Chopper (Demonspawn Gladiator)          Turns: 2198, Time: 00:12:35

Health: 0/56       AC:  4    Str: 18    XL:     6   Next: 43%
Magic:  6/6        EV: 11    Int: 10    God:
Gold:   92         SH:  8    Dex: 16    Spells: 5/5 levels left

rFire    . . .     SeeInvis .   a - +0 war axe
rCold    . . .     Gourm    +   l - +0 shield
rNeg     . . .     Faith    .   b - +0 leather armour
rPois    +         Spirit   .   c - +0 helmet
rElec    .         Reflect  .   (no cloak)
rCorr    .         Harm     .   (no gloves)
MR       .....                  (no boots)
Stlth    ++........             n - amulet of the gourmand
Regen    0.2/turn               e - ring of poison resistance
MPRegen  0.1/turn               (no ring)

@: no status effects
A: hooves 1, thin skeletal structure 1, deterioration 1, powered by death 1,
robust 2, strong 1
a: no special abilities


You were on level 3 of the Dungeon.
You were not hungry.

You visited 1 branch of the dungeon, and saw 3 of its levels.

You collected 92 gold pieces.

Inventory:

Hand Weapons
 a - a +0 war axe (weapon)
Armour
 b - a +0 leather armour (worn)
 c - a +0 helmet (worn)
 h - a +0 helmet
 l - a +0 shield (worn)
Jewellery
 e - a ring of poison resistance (left hand)
 n - an amulet of the gourmand (around neck)
Comestibles
 f - 3 bread rations
 j - a meat ration


   Skills:
 + Level 3.3 Fighting
 + Level 4.5 Axes
 + Level 2.1 Throwing
 + Level 2.1 Armour
 + Level 3.6 Dodging
 + Level 0.8 Stealth
 + Level 1.2 Shields


You had 5 spell levels left.
You didn't know any spells.

Dungeon Overview and Level Annotations

Branches:
Dungeon (3/15)

Altars:


Innate Abilities, Weirdness & Mutations

You have large cloven feet.
You have a somewhat thin skeletal structure. (Dex +2, Stealth)
You regenerate a little health from kills.
Your body sometimes deteriorates upon taking damage.
You are very robust. (+20% HP)
Your muscles are strong. (Str +2)


Message History

The big kobold hits you with a club.
* * * LOW HITPOINT WARNING * * *
The big kobold hits you with a club.
* * * LOW HITPOINT WARNING * * *
You hit the big kobold but do no damage.
Your kick misses the big kobold.
The big kobold is heavily wounded.
You block the big kobold's attack.
You hit the big kobold.
The big kobold is severely wounded.
The big kobold hits you with a club.
* * * LOW HITPOINT WARNING * * *
You slash the big kobold!
You kill the big kobold!
Your Armour skill increases to level 2!
The kobold hits you but does no damage.
You miss the kobold. You kick the kobold, but do no damage.
The kobold closely misses you.
You barely miss the kobold. The kobold hits you with a club.
You die...

**,,,,,,*≈≈≈***** *,,,,,,*
#.****≈≈≈≈≈≈≈≈≈* ###*****
#.***≈≈≈≈≈≈≈≈*****#..K#**
*K.,****≈≈≈***,,,,,..K,,***
*#.,,,,*****,,,,,,,###,,,,,
#..,,,,,,,,,,######≈###,,,
#..###,,,,,###≈≈≈≈≈≈≈≈###*
*#...#######....≈≈≈≈≈≈≈≈##
**#.)KKK@...##..≈≈≈≈≈....
########.)..........###
#.####.####..#.. #.#
#.#**#).#.# #(# #.......#,*
#.#**#######.#,*
#..,,,,,,,,...,.
###********#.#..
*,,,,,,,,,....#


You could see 3 kobolds.

Vanquished Creatures
  Grinder (D:3)
  A big kobold (D:3)
  Natasha (D:3)
  5 adders (D:2)
  2 oozes
  4 bats
  3 goblins
  6 hobgoblins
  5 jackals
  6 kobolds
  A quokka (D:3)
  A ball python (D:2)
  7 frilled lizards
  8 rats
51 creatures vanquished.

Notes
Turn   | Place    | Note
-------+----------+-------------------------------------------
     0 | D:1      | Liatris the Demonspawn Gladiator began the quest for the Orb.
     0 | D:1      | Reached XP level 1. HP: 16/16 MP: 1/1
   323 | D:1      | Gained mutation: You regenerate a little health from kills. [demonic ancestry]
   323 | D:1      | Reached XP level 2. HP: 19/22 MP: 2/2
   325 | D:1      | Reached skill level 3 in Axes
  1125 | D:2      | Reached XP level 3. HP: 12/27 MP: 3/3
  1347 | D:2      | Reached skill level 1 in Armour
  1563 | D:2      | Gained mutation: You have large cloven feet. [demonic ancestry]
  1563 | D:2      | Reached XP level 4. HP: 27/33 MP: 4/4
  1793 | D:3      | Noticed Grinder
  1803 | D:3      | Paralysed by Grinder for 2 turns
  1814 | D:3      | Killed Grinder
  1814 | D:3      | Reached skill level 4 in Axes
  1814 | D:3      | Reached skill level 1 in Shields
  1814 | D:3      | Gained mutation: You have a somewhat thin skeletal structure. (Dex +2, Stealth) [demonic ancestry]
  1814 | D:3      | Reached XP level 5. HP: 41/41 MP: 5/5
  1814 | D:3      | Reached XP level 6. HP: 47/47 MP: 6/6
  1949 | D:3      | Noticed Natasha
  1953 | D:3      | Gained mutation: You are robust. (+10% HP) [potion of mutation]
  1953 | D:3      | Gained mutation: You are very robust. (+20% HP) [potion of mutation]
  1953 | D:3      | Gained mutation: Your body sometimes deteriorates upon taking damage. [potion of mutation]
  1953 | D:3      | Gained mutation: Your muscles are strong. (Str +2) [potion of mutation]
  2119 | D:3      | Killed Natasha
  2193 | D:3      | HP: 2/56 [big kobold/club (5)]
  2198 | D:3      | Slain by a kobold

Skill      XL: |  1  2  3  4  5  6 |
---------------+-------------------+-----
Axes           | 3 4 |  4.5
Dodging        | 3 |  3.6
Armour         | 1 2 |  2.1
Fighting       | 3 |  3.3
Throwing       | 2 |  2.1
Shields        | 1 |  1.2
Stealth        | |  0.8

Action                   |  1- 3 |  4- 6 || total
-------------------------+-------+-------++-------
Melee: War axe           |    85 |    62 ||   147
       Kick              |       |    22 ||    22
Throw: Throwing net      |       |     5 ||     5
  Use: Scroll            |     4 |     3 ||     7
       Potion            |     3 |     4 ||     7
 Stab: Sleeping          |     2 |       ||     2
  Eat: Bread ration      |     1 |       ||     1
Armor: Leather armour    |    25 |    10 ||    35
Dodge: Dodged            |    50 |    27 ||    77
Block: Shield            |    12 |    30 ||    42
